Construct Section Command Post
Construct Platoon Command Post
Unlock M3 Stuart Light Tanks
Selects Air and Sea Battlegroup
Selects Commando Section Paradrop
Selects Commando Support Section Paradrop
Commando Section Paradrop
6-pounder Anti-tank Gun Team
Construct Field Infirmary
Commando Support Section Paradrop
Construct Company Command Post
Commando Section Paradrop
Unlock Bishop Self-propelled Artillery
Bishop Self-propelled Artillery
Selects Naval Bombardment
Selects Anti-tank Rocket Loiter
Commando Support Section Paradrop